3L
TOLEDO STINGERS @ CHICAGO HAWKS
08/22/2028
 
TOP OF THE 1ST
Toledo Stingers batting - Pitching for Chicago Hawks : RHP Lucas Begay
Pitching: RHP Lucas Begay
Batting: RHB Francis Kelly 0-0: Called Strike
0-1: Swinging Strike
0-2: Foul Ball, location: 2F
0-2: Strikes out swinging
Batting: RHB Alfredo Martínez 0-0: Ball
1-0: Called Strike
1-1: SINGLE (Groundball, 6D)
Batting: LHB Ismael Cabrera 0-0: Ball
1-0: Fly out, F9 (Line Drive, 89M)
Batting: SHB Leonard O'Connor 0-0: Called Strike
0-1: Ball
1-1: Foul Ball, location: 2F
1-2: Foul Ball, location: 2F
1-2: Ball
2-2: SINGLE (Groundball, 4MD)
Alfredo Martínez to second
Batting: RHB Ken Little 0-0: Foul Ball, location: 2F
0-1: Ball
1-1: Fly out, F7 (Flyball, 7LM)
Top of the 1st over - 0 run(s), 2 hit(s), 0 error(s), 2 left on base; Toledo 0 - Chicago 0
BOTTOM OF THE 1ST
Chicago Hawks batting - Pitching for Toledo Stingers : RHP Francis McBride
Pitching: RHP Francis McBride
Batting: RHB Vincente Rotham 0-0: Ball
1-0: SINGLE (Groundball, 6MD)
Batting: LHB Cole Thrash 0-0: Called Strike
0-1: Foul Ball, location: 2F
0-2: Ball
Wild Pitch!
Vincente Rotham to second
1-2: Fly out, F8 (Flyball, 8RD)
Batting: RHB Enrique Marroquín 0-0: Ball
1-0: Ground out 6-3 (Groundball, 6)
Vincente Rotham to third
Batting: LHB Jeff Simpson 0-0: SINGLE (Groundball, 56D)
Vincente Rotham scores
Batting: RHB Kumanosuke Asano 0-0: Called Strike
0-1: Called Strike
0-2: Foul Ball, location: 2F
0-2: Ball
1-2: Strikes out swinging
Bottom of the 1st over - 1 run(s), 2 hit(s), 0 error(s), 1 left on base; Toledo 0 - Chicago 1
TOP OF THE 2ND
Toledo Stingers batting - Pitching for Chicago Hawks : RHP Lucas Begay
Batting: RHB Meka Knight 0-0: Swinging Strike
0-1: Ball
1-1: Ball
2-1: Ball
3-1: Base on Balls
Batting: RHB Isaac Downey 0-0: Ball
1-0: Ball
2-0: Ball
3-0: Base on Balls
Meka Knight to second
Batting: RHB Juan Ramos 0-0: Called Strike
0-1: Ball
1-1: Swinging Strike
1-2: Strikes out swinging
Batting: LHB Locke Lamora 0-0: Foul Ball, location: 2F
0-1: Foul Ball, location: 2F
0-2: Strikes out looking
Batting: RHB Francis Kelly 0-0: Ball
1-0: Called Strike
1-1: Ball
2-1: Foul Ball, location: 2F
2-2: Foul Ball, location: 2F
2-2: Ground out 4-3 (Groundball, 4S)
Top of the 2nd over - 0 run(s), 0 hit(s), 0 error(s), 2 left on base; Toledo 0 - Chicago 1
BOTTOM OF THE 2ND
Chicago Hawks batting - Pitching for Toledo Stingers : RHP Francis McBride
Batting: LHB Álex Burgos 0-0: Ball
1-0: Ball
2-0: Ball
3-0: Called Strike
3-1: Called Strike
3-2: Strikes out swinging
Batting: RHB Enrique Pérez 0-0: Ball
1-0: Ball
2-0: Called Strike
2-1: Foul Ball, location: 2F
2-2: Reached on error, E5 (Groundball, 56)
Batting: RHB Dave Henderson 0-0: Ball
1-0: Swinging Strike
1-1: Swinging Strike
1-2: Foul Ball, location: 2F
1-2: Strikes out swinging
Batting: RHB Mike Green 0-0: Ball
1-0: Called Strike
1-1: Swinging Strike
1-2: Foul Ball, location: 2F
1-2: Ball
2-2: Strikes out swinging
Bottom of the 2nd over - 0 run(s), 0 hit(s), 1 error(s), 1 left on base; Toledo 0 - Chicago 1
TOP OF THE 3RD
Toledo Stingers batting - Pitching for Chicago Hawks : RHP Lucas Begay
Batting: RHB Alfredo Martínez 0-0: DOUBLE (Line Drive, 7LD)
Batting: LHB Ismael Cabrera 0-0: Called Strike
0-1: Foul Ball, location: 2F
0-2: SINGLE (Line Drive, 34)
Alfredo Martínez to third
Runner from 3rd tries for Home, SAFE, no throw
Batting: SHB Leonard O'Connor 0-0: Called Strike
0-1: Ball
1-1: Ball
2-1: Swinging Strike
2-2: Ball
3-2: Strikes out looking
Throwing error on steal attempt, E2
Ismael Cabrera to third
Batting: RHB Ken Little 0-0: Ball
1-0: Ball
2-0: Ball
3-0: Base on Balls
Batting: RHB Meka Knight 0-0: Ball
1-0: Ball
2-0: Ball
3-0: Called Strike
3-1: SINGLE (Groundball, 6D)
Ismael Cabrera scores
Ken Little to second
Batting: RHB Isaac Downey 0-0: Foul Ball, location: 2F
0-1: Ball
1-1: Fly out, F2 (Popup, 2R)
Batting: RHB Juan Ramos 0-0: Called Strike
0-1: Ball
1-1: SINGLE (Line Drive, 9LS)
Ken Little to third
Meka Knight to second
Batting: LHB Locke Lamora 0-0: SINGLE (Groundball, 25) (infield hit)
Ken Little scores
Meka Knight to third
Juan Ramos to second
Batting: RHB Francis Kelly 0-0: Foul Ball, location: 2F
0-1: Ball
1-1: Swinging Strike
1-2: Ball
2-2: Foul Ball, location: 2F
2-2: Strikes out swinging
Top of the 3rd over - 3 run(s), 5 hit(s), 1 error(s), 3 left on base; Toledo 3 - Chicago 1
BOTTOM OF THE 3RD
Chicago Hawks batting - Pitching for Toledo Stingers : RHP Francis McBride
Batting: RHB Vincente Rotham 0-0: Fly out, F9 (Flyball, 9LSF)
Batting: LHB Cole Thrash 0-0: Called Strike
0-1: Ball
1-1: Foul Ball, location: 2F
1-2: Foul Ball, location: 2F
1-2: SINGLE (Groundball, 4MD)
Batting: RHB Enrique Marroquín 0-0: Ball
1-0: Foul Ball, location: 2F
1-1: Called Strike
Cole Thrash is caught stealing 2nd base
1-2: Ball
2-2: SINGLE (Groundball, 56D)
Batting: LHB Jeff Simpson 0-0: Ball
1-0: Fly out, F8 (Flyball, 78S)
Bottom of the 3rd over - 0 run(s), 2 hit(s), 0 error(s), 1 left on base; Toledo 3 - Chicago 1
TOP OF THE 4TH
Toledo Stingers batting - Pitching for Chicago Hawks : RHP Lucas Begay
Batting: RHB Alfredo Martínez 0-0: Called Strike
0-1: SOLO HOME RUN (Flyball, 7D), Distance : 355 ft
Batting: LHB Ismael Cabrera 0-0: Ball
1-0: Ball
2-0: Ball
3-0: Base on Balls
Batting: SHB Leonard O'Connor 0-0: Called Strike
0-1: Ground out U3 (Groundball, 3S)
Ismael Cabrera to second
Batting: RHB Ken Little 0-0: Ball
1-0: Called Strike
1-1: Ball
2-1: Foul Ball, location: 2F
2-2: Ball
3-2: Fly out, F9 (Flyball, 9S)
Batting: RHB Meka Knight 0-0: Ball
1-0: Called Strike
1-1: Ball
2-1: Foul Ball, location: 2F
2-2: Ball
3-2: Foul Ball, location: 2F
3-2: Ground out 6-3 (Groundball, 56)
Top of the 4th over - 1 run(s), 1 hit(s), 0 error(s), 1 left on base; Toledo 4 - Chicago 1
BOTTOM OF THE 4TH
Chicago Hawks batting - Pitching for Toledo Stingers : RHP Francis McBride
Batting: RHB Kumanosuke Asano 0-0: Fly out, F5 (Popup, 5D)
Batting: LHB Álex Burgos 0-0: Called Strike
0-1: Foul Ball, location: 2F
0-2: Foul Ball, location: 2F
0-2: Ball
1-2: Ball
2-2: SOLO HOME RUN (Flyball, 9D), Distance : 350 ft
Batting: RHB Enrique Pérez 0-0: Ball
1-0: Called Strike
1-1: Ground out 1-3 (Groundball, 13S)
Batting: RHB Dave Henderson 0-0: Ball
1-0: Ball
2-0: Ball
3-0: Called Strike
3-1: Ground out 1-3 (Groundball, 13)
Bottom of the 4th over - 1 run(s), 1 hit(s), 0 error(s), 0 left on base; Toledo 4 - Chicago 2
TOP OF THE 5TH
Toledo Stingers batting - Pitching for Chicago Hawks : RHP Lucas Begay
Batting: RHB Isaac Downey 0-0: Fly out, F4 (Popup, 3D)
Batting: RHB Juan Ramos 0-0: Ground out 6-3 (Groundball, 6)
Batting: LHB Locke Lamora 0-0: Swinging Strike
0-1: Ball
1-1: Ball
2-1: Foul Ball, location: 2F
2-2: Foul Ball, location: 2F
2-2: Ball
3-2: Base on Balls
Batting: RHB Francis Kelly 0-0: Ball
Locke Lamora is caught stealing 2nd base
Top of the 5th over - 0 run(s), 0 hit(s), 0 error(s), 0 left on base; Toledo 4 - Chicago 2
BOTTOM OF THE 5TH
Chicago Hawks batting - Pitching for Toledo Stingers : RHP Francis McBride
Batting: RHB Mike Green 0-0: Ball
1-0: Foul Ball, location: 2F
1-1: Called Strike
1-2: Ball
2-2: Strikes out looking
Batting: RHB Vincente Rotham 0-0: Fly out, F7 (Flyball, 7)
Batting: LHB Cole Thrash 0-0: Foul Ball, location: 2F
0-1: Foul Ball, location: 2F
0-2: Foul Ball, location: 2F
0-2: Ball
1-2: Ball
2-2: Foul Ball, location: 2F
2-2: Fly out, F4 (Popup, 4D)
Bottom of the 5th over - 0 run(s), 0 hit(s), 0 error(s), 0 left on base; Toledo 4 - Chicago 2
TOP OF THE 6TH
Toledo Stingers batting - Pitching for Chicago Hawks : RHP Lucas Begay
Batting: RHB Francis Kelly 0-0: Ball
1-0: Foul Ball, location: 2F
1-1: Called Strike
1-2: Ball
2-2: Fly out, F9 (Flyball, 9S)
Batting: RHB Alfredo Martínez 0-0: Ball
1-0: Called Strike
1-1: SINGLE (Groundball, 34D)
Pitching: RHP Pat McCormick
Batting: LHB Ismael Cabrera 0-0: Fielders Choice at 2nd, 4-6 (Groundball, 4)
Batting: SHB Leonard O'Connor 0-0: Ball
1-0: Called Strike
1-1: Ball
2-1: Foul Ball, location: 2F
2-2: Fly out, F8 (Flyball, 8LD)
Top of the 6th over - 0 run(s), 1 hit(s), 0 error(s), 1 left on base; Toledo 4 - Chicago 2
BOTTOM OF THE 6TH
Chicago Hawks batting - Pitching for Toledo Stingers : RHP Francis McBride
Batting: RHB Enrique Marroquín 0-0: Swinging Strike
0-1: Ground out 6-3 (Groundball, 6S)
Batting: LHB Jeff Simpson 0-0: Called Strike
0-1: Fly out, F9 (Flyball, 9S)
Batting: RHB Kumanosuke Asano 0-0: Ball
1-0: Ball
2-0: Foul Ball, location: 2F
2-1: Ball
3-1: Base on Balls
Batting: LHB Álex Burgos 0-0: Ball
1-0: Called Strike
1-1: Called Strike
1-2: Foul Ball, location: 2F
1-2: Strikes out looking
Bottom of the 6th over - 0 run(s), 0 hit(s), 0 error(s), 1 left on base; Toledo 4 - Chicago 2
TOP OF THE 7TH
Toledo Stingers batting - Pitching for Chicago Hawks : RHP Pat McCormick
Batting: RHB Ken Little 0-0: Ball
1-0: Called Strike
1-1: Ball
2-1: Foul Ball, location: 2F
2-2: Fly out, F2 (Popup, 13)
Batting: RHB Meka Knight 0-0: Ball
1-0: Called Strike
1-1: Ground out 6-3 (Groundball, 6)
Batting: RHB Isaac Downey 0-0: Swinging Strike
0-1: Ball
1-1: Foul Ball, location: 2F
1-2: Ball
2-2: Ground out 4-3 (Groundball, 4)
Top of the 7th over - 0 run(s), 0 hit(s), 0 error(s), 0 left on base; Toledo 4 - Chicago 2
BOTTOM OF THE 7TH
Chicago Hawks batting - Pitching for Toledo Stingers : RHP Francis McBride
Batting: RHB Enrique Pérez 0-0: Swinging Strike
0-1: Ball
1-1: Called Strike
1-2: Foul Ball, location: 2F
1-2: Ground out 2-3 (Groundball, 15S)
Batting: RHB Dave Henderson 0-0: Swinging Strike
0-1: Swinging Strike
0-2: Strikes out swinging
Batting: RHB Mike Green 0-0: Called Strike
0-1: Called Strike
0-2: Strikes out swinging
Bottom of the 7th over - 0 run(s), 0 hit(s), 0 error(s), 0 left on base; Toledo 4 - Chicago 2
TOP OF THE 8TH
Toledo Stingers batting - Pitching for Chicago Hawks : RHP Pat McCormick
Batting: RHB Juan Ramos 0-0: Called Strike
0-1: Called Strike
0-2: Ball
1-2: Ball
2-2: Foul Ball, location: 2F
2-2: Ball
3-2: Foul Ball, location: 2F
3-2: Foul Ball, location: 2F
3-2: Ground out 5-3 (Groundball, 56)
Batting: LHB Locke Lamora 0-0: Ground out 4-3 (Groundball, 4)
Batting: RHB Francis Kelly 0-0: Ball
1-0: Swinging Strike
1-1: Ball
2-1: Swinging Strike
2-2: Strikes out swinging, 2-3 out at first.
Top of the 8th over - 0 run(s), 0 hit(s), 0 error(s), 0 left on base; Toledo 4 - Chicago 2
BOTTOM OF THE 8TH
Chicago Hawks batting - Pitching for Toledo Stingers : RHP Francis McBride
Batting: RHB Vincente Rotham 0-0: Called Strike
0-1: Ball
1-1: Swinging Strike
1-2: Foul Ball, location: 2F
1-2: Ground out 4-3 (Groundball, 4)
Batting: LHB Cole Thrash 0-0: Ball
1-0: Ball
2-0: Ball
3-0: Base on Balls
Batting: RHB Enrique Marroquín 0-0: Ball
1-0: Foul Ball, location: 2F
1-1: Called Strike
1-2: Ball
2-2: Grounds into double play, 5-4-3 (Groundball, 56)
Bottom of the 8th over - 0 run(s), 0 hit(s), 0 error(s), 0 left on base; Toledo 4 - Chicago 2
TOP OF THE 9TH
Toledo Stingers batting - Pitching for Chicago Hawks : RHP Pat McCormick
Pitching: RHP Matt Harris
Batting: RHB Alfredo Martínez 0-0: Called Strike
0-1: Ball
1-1: Ball
2-1: Foul Ball, location: 2F
2-2: SINGLE (Flyball, 8LS)
Batting: LHB Ismael Cabrera 0-0: Foul Ball, location: 2F
0-1: Ball
1-1: Called Strike
1-2: Strikes out swinging
Batting: SHB Leonard O'Connor 0-0: Fly out, F4 (Line Drive, 4)
Batting: RHB Ken Little 0-0: Ball
1-0: Foul Ball, location: 2F
1-1: Called Strike
1-2: Foul Ball, location: 2F
1-2: Strikes out swinging
Top of the 9th over - 0 run(s), 1 hit(s), 0 error(s), 1 left on base; Toledo 4 - Chicago 2
BOTTOM OF THE 9TH
Chicago Hawks batting - Pitching for Toledo Stingers : RHP Francis McBride
Batting: LHB Jeff Simpson 0-0: Ball
1-0: Foul Ball, location: 2F
1-1: Swinging Strike
1-2: Fly out, F7 (Flyball, 78XD)
Batting: RHB Kumanosuke Asano 0-0: Ball
1-0: Ground out 6-3 (Groundball, 6)
Pitching: RHP Joshua Barnes
Batting: LHB Álex Burgos 0-0: Swinging Strike
0-1: Foul Ball, location: 2F
0-2: Ball
1-2: Fly out, F9 (Flyball, 9)
Bottom of the 9th over - 0 run(s), 0 hit(s), 0 error(s), 0 left on base; Toledo 4 - Chicago 2
Monday, August 28th, 2017 - OOTP Baseball 17.12 Build 75